 Dungeon Crawl Stone Soup version 0.28.0-1-gb440e238dd (webtiles) character file.

Game seed: 14605564737221404404

28 Morbidden the Skirmisher (level 3, 0/29 HPs)
             Began as a Demonspawn Berserker on Feb 21, 2022.
             Was a Follower of Trog.
             Slain by a hobgoblin (3 damage)
             ... on level 1 of the Dungeon.
             The game lasted 00:01:08 (1222 turns).

Morbidden the Skirmisher (Demonspawn Berserker)     Turns: 1222, Time: 00:01:08

Health: 0/29       AC:  2    Str: 19    XL:     3   Next: 0%
Magic:  3/3        EV: 14    Int:  8    God:    Trog [*.....]
Gold:   40         SH:  0    Dex: 12    Spells: 2/2 levels left

rFire   . . .      SeeInvis .   a - +0 mace
rCold   . . .      Faith    .   (no shield)
rNeg    . . .      Spirit   .   b - +0 animal skin
rPois   .          Reflect  .   (no helmet)
rElec   .          Harm     .   (no cloak)
rCorr   .          Rampage  .   (no gloves)
Will    .....                   (no boots)
Stlth   +.........              (no amulet)
HPRegen 0.09/turn               (no ring)
MPRegen 0.08/turn               (no ring)

@: no status effects
A: repulsion field 1, demonic magic 1
a: Renounce Religion, Berserk


You were on level 1 of the Dungeon.
You worshipped Trog.
Trog was aware of your devotion.
You visited 1 branch of the dungeon, and saw 1 of its levels.

You collected 40 gold pieces.

Inventory:

Hand Weapons
 a - a +0 mace (weapon)
Armour
 b - a +0 animal skin (worn)
Jewellery
 f - a ring of fire
Scrolls
 c - a scroll of holy word {unknown}
 h - a scroll of teleportation {unknown}
Potions
 d - a potion of ambrosia {unknown}
 e - a potion of lignification {unknown}
 g - a potion of brilliance {unknown}
 i - a potion of haste {unknown}


   Skills:
 + Level 3.3 Fighting
 + Level 3.3 Maces & Flails
 + Level 1.9 Armour
 + Level 1.9 Dodging
 + Level 0.1 Stealth
 + Level 0.1 Spellcasting


You had 2 spell levels left.
You didn't know any spells.
Your spell library was empty.

Dungeon Overview and Level Annotations

Branches:
Dungeon (1/15)

Altars:


Innate Abilities, Weirdness & Mutations

You are surrounded by a mild repulsion field. (EV +2)
Spells you cast may paralyse adjacent enemies.


Message History

Trog does not appreciate your training of magic skills!
You have reached level 3!
Your experience leads to an increase in your attributes!
Increase (S)trength, (I)ntelligence, or (D)exterity?
You feel stronger. x2; Your demonic ancestry asserts itself...
You begin to radiate repulsive energy.
Unknown command.
You completely miss the hobgoblin. The hobgoblin barely misses you.
You barely miss the hobgoblin. The hobgoblin hits you.
You are too injured to fight recklessly!
You are too injured to fight recklessly!
You are too injured to fight recklessly!
You are too injured to fight recklessly!
You are too injured to fight recklessly!
You are too injured to fight recklessly!
You are too injured to fight recklessly!
You are too injured to fight recklessly!
You are too injured to fight recklessly!
You are too injured to fight recklessly!
You are too injured to fight recklessly!
You are too injured to fight recklessly!
You are too injured to fight recklessly!
A hobgoblin is nearby!
You are too injured to fight recklessly!
A hobgoblin is nearby!
You are too injured to fight recklessly!
Unknown command.
You closely miss the hobgoblin. The hobgoblin hits you.
You barely miss the hobgoblin. Your punch misses the hobgoblin.
The hobgoblin misses you. x2
You barely miss the hobgoblin. The hobgoblin hits you.
* * * LOW HITPOINT WARNING * * *
You hit the hobgoblin but do no damage. The hobgoblin barely misses you.
You barely miss the hobgoblin. The hobgoblin completely misses you.
You hit the hobgoblin.
The hobgoblin is heavily wounded.
The hobgoblin hits you.
* * * LOW HITPOINT WARNING * * *
The hobgoblin hits you.
You die...

# # # ###### # #....#
# #....# # #....#
##### # #....# #...#
#.
##.#.####....#####.#.#
..
......g@'.......>#.#.#
#...
##.#.####....###.#.#.#
.... ###### #.#.#.#
#...# #.#.#.# #...#
#†#.#.# ....# #.#
#.#.#.# ##..#
#.###########.#.#.#
....#
#.#.....).....#.#.#
#...#
#.#.###########.#.#


You could see a hobgoblin.

Vanquished Creatures
  A gnoll (D:1)
  A dart slug (D:1)
  An endoplasm (D:1)
  2 goblins (D:1)
  3 hobgoblins (D:1)
  A kobold (D:1)
  2 ball pythons (D:1)
  2 bats (D:1)
  2 frilled lizards (D:1)
  2 rats (D:1)
17 creatures vanquished.

Notes
Turn   | Place    | Note
-------+----------+-------------------------------------------
     0 | D:1      | Morbidden the Demonspawn Berserker began the quest for the
                  | Orb.
     0 | D:1      | Reached XP level 1. HP: 18/18 MP: 1/1
   470 | D:1      | Found a faded altar of an unknown god.
   500 | D:1      | Gained mutation: Spells you cast may paralyse adjacent
                  | enemies. [demonic ancestry]
   500 | D:1      | Reached XP level 2. HP: 1/24 MP: 2/2
  1215 | D:1      | Gained mutation: You are surrounded by a mild repulsion
                  | field. (EV +2) [demonic ancestry]
  1215 | D:1      | Reached XP level 3. HP: 18/29 MP: 3/3
  1222 | D:1      | Slain by a hobgoblin

Illustrated notes

Levels and vault maps discovered:
D:1:      wheals_arrival_linesprint, layout_basic, basic_ecumenical_altar

Skill      XL: |  1 |
---------------+----+-----
Maces & Flails | 3 |  3.3
Fighting       | |  3.3
Armour         | |  1.9
Dodging        | |  1.9
Stealth        | |  0.1
Spellcasting   | |  0.1

Action                   || total
-------------------------++-------
Melee: Mace              ||    67
Invok: Berserk           ||     1
 Stab: Sleeping          ||     1
Armor: Animal skin       ||    19
Dodge: Dodged            ||    49
